 Dungeon Crawl Stone Soup version 0.31-a0-851-g7ff8af7976 (webtiles) character file.

Game seed: 16332942864748713222

242 Pixllover the Chopper (level 6, -3/38 HPs)
             Began as a Gargoyle Fighter on Oct 5, 2023.
             Was a Follower of Okawaru.
             Killed from afar by Duvessa (8 damage)
             ... with a puff of flame
             ... on level 4 of the Dungeon.
             The game lasted 00:05:42 (1926 turns).

Pixllover the Chopper (Gargoyle Fighter)            Turns: 1926, Time: 00:05:43

Health: -3/38      AC: 20    Str: 21    XL:     6   Next: 9%
Magic:  5/6        EV:  6    Int:  9    God:    Okawaru [*.....]
Gold:   187        SH:  8    Dex:  9    Spells: 5/5 levels left

rFire   . . .        a - +0 war axe
rCold   . . .        i - +0 kite shield
rNeg    + . .        m - +0 storm dragon scales
rPois   ∞            k - +0 helmet
rElec   +            l - +0 cloak
rCorr   .            f - +1 pair of gloves
SInv    .            (no boots)
Will    .....        (no amulet) Stlth
                     (no ring)
HPRegen 0.26/turn    (no ring)
MPRegen 0.10/turn

%: no passive effects
@: no status effects
A: sickness immunity, AC +4, negative energy resistance 1, electricity
resistance, torment resistance 1, petrification resistance
a: Renounce Religion, Heroism


You were on level 4 of the Dungeon.
You worshipped Okawaru.
Okawaru was aware of your devotion.
You visited 1 branch of the dungeon, and saw 4 of its levels.

You collected 220 gold pieces.
You spent 33 gold pieces at shops.

Inventory:

Hand Weapons
 a - a +0 war axe (weapon)
Missiles
 g - 3 poisoned darts (quivered)
Armour
 f - a +1 pair of gloves (worn)
 i - a +0 kite shield (worn)
 k - a +0 helmet (worn)
 l - a +0 cloak (worn)
 m - +0 storm dragon scales (worn)
Jewellery
 c - a +5 ring of evasion
Scrolls
 b - a scroll of identify
 h - a scroll of fear
Potions
 d - a potion of might
 e - 3 potions of heal wounds
 j - a potion of curing


   Skills:
 + Level 3.9 Fighting
 + Level 4.4 Axes
 + Level 3.8 Armour
 + Level 1.0 Dodging
 + Level 4.0 Shields


You had 5 spell levels left.
You didn't know any spells.
Your spell library contained the following spells:

 Spells                   Type           Power      Damage    Failure   Level
 Necrotise                Necr           0%         1d4       100%        1
 Shock                    Conj/Air       0%         1d3       100%        1
 Swiftness                Air            0%         N/A       100%        3
 Vampiric Draining        Necr           0%         2d6       100%        3
 Airstrike                Air            0%         2d(0-16)  100%        4
 Agony                    Necr           0%         N/A       100%        5


Dungeon Overview and Level Annotations

Branches:
Dungeon (4/15)
 Temple: D:4-7

Altars:
Gozag
Okawaru

Shops:
D:3 *

Annotations:
D:4 Dowan, Duvessa


Innate Abilities, Weirdness & Mutations

You are immune to sickness and miasma.
Your stone body is resilient. (AC +4)
You are immune to poison.
You resist negative energy. (rN+)
You are resistant to electric shocks. (rElec)
You are resistant to unholy torment.
You are immune to petrification.


Message History

Duvessa is moderately wounded.
You hit the orc. You barely miss Dowan. Duvessa hits you with a +0 short sword.
* * * LOW HITPOINT WARNING * * *
The orc priest looks satisfied for a moment.
Dowan barely misses you. The orc hits you but does no damage.
You hit Duvessa.
Duvessa is heavily wounded.
You barely miss the orc. You closely miss Dowan.
Duvessa hits you but does no damage. You block Duvessa's attack.
Dowan hits you with a +0 dagger.
* * * LOW HITPOINT WARNING * * *
You block Duvessa's attack.
The orc wizard gestures wildly while chanting.
The orc wizard flickers and vanishes!
Deactivating autopickup; reactivate with Ctrl-A.
The orc priest calls upon Beogh to heal the orc.
The orc's wounds heal themselves!
Duvessa zaps a wand.
The puff of flame hits you.
* * * LOW HITPOINT WARNING * * *
Dowan attacks as he pursues you! Dowan hits you but does no damage.
Duvessa zaps a wand.
The puff of flame misses you.
You feel like a meek peon again.
You hit Duvessa.
Duvessa is severely wounded.
You block Duvessa's attack. Duvessa hits you but does no damage.
You closely miss Duvessa.
Duvessa is severely wounded.
You block Duvessa's attack. Duvessa hits you but does no damage.
You hit Duvessa but do no damage.
Duvessa is severely wounded.
You slash Dowan! Duvessa hits you with a +0 short sword.
* * * LOW HITPOINT WARNING * * *
You block Duvessa's attack.
Dowan gestures wildly while chanting.
Dowan blinks!
You barely miss Duvessa.
Duvessa is severely wounded.
Duvessa zaps a wand.
The puff of flame misses you.
Duvessa zaps a wand.
The puff of flame hits you!
You die...

#...<................
#....>.........$.....
#....................
####....).....(.e.......
#..............#........
##.#............).......
#....##..#.###.†.......
####.........o.........
#........@e{#.......
##..#..####.o.......
##.##..###..........
#..##...............
#.###.####.{o....... ###
#.. #.......... #..
#.......... ..?
##.###.... .... ..# ####


You could see Duvessa (fast), Dowan, an orc priest and an orc.

Vanquished Creatures
  A scorpion (D:4)
  Crazy Yiuf (D:3)
  Jessica (D:3)
  An orc wizard (D:3)
  3 adders
  2 ufetubi (D:4)
  A worm (D:2)
  A dart slug (D:2)
  4 orcs (D:3)
  A ball python (D:1)
  4 endoplasms
  3 giant cockroaches
  7 goblins
  10 hobgoblins
  2 jackals (D:1)
  5 kobolds
  A quokka (D:4)
  7 bats
  A frilled lizard (D:1)
  7 rats
63 creatures vanquished.

Notes
Turn   | Place    | Note
-------+----------+-------------------------------------------
     0 | D:1      | Pixllover the Gargoyle Fighter began the quest for the Orb.
     0 | D:1      | Reached XP level 1. HP: 14/14 MP: 1/1
    57 | D:1      | Reached XP level 2. HP: 19/19 MP: 2/2
   119 | D:1      | Found a faded altar of an unknown god.
   127 | D:1      | Prayed at the altar of an unknown god.
   127 | D:1      | Became a worshipper of Warmaster Okawaru
   127 | D:1      | Reached * piety under Okawaru
   482 | D:2      | Reached XP level 3. HP: 23/23 MP: 3/3
  1055 | D:2      | Reached XP level 4. HP: 28/28 MP: 4/4
  1208 | D:3      | Noticed Jessica
  1216 | D:3      | Killed Jessica
  1283 | D:3      | Found an opulent altar of Gozag.
  1534 | D:3      | Found a runed translucent door.
  1535 | D:3      | Noticed Crazy Yiuf
  1544 | D:3      | Killed Crazy Yiuf
  1545 | D:3      | Reached XP level 5. HP: 22/33 MP: 2/5
  1680 | D:3      | Found Ulytin's General Store.
  1718 | D:3      | Bought a potion of curing for 33 gold pieces
  1899 | D:4      | Reached skill level 1 in Dodging
  1899 | D:4      | Reached XP level 6. HP: 27/38 MP: 6/6
  1906 | D:4      | Noticed Dowan
  1907 | D:4      | Noticed Duvessa
  1926 | D:4      | Killed from afar by Duvessa

Illustrated notes

Levels and vault maps discovered:
D:1:      dpeg_arrival_rooms_b, layout_rooms, chequers_ecumenical_altar_simple
D:2:      layout_loops_ring
D:3:      layout_basic, nicolae_gozag_cash_rules_everything_around_me,
          serial_shops, nicolae_shop_window_shopping, uniq_jessica,
          uniq_crazy_yiuf_cottage
D:4:      layout_rooms, uniq_duvessa

Skill      XL: |  1  2  3  4  5  6 |
---------------+-------------------+-----
Axes           | 2 3 4 |  4.4
Dodging        | 1 |  1.0
Shields        | 4 |  4.0
Fighting       | |  3.9
Armour         | |  3.8

Action                     |  1- 3 |  4- 6 || total
---------------------------+-------+-------++-------
  Melee: War axe           |    86 |    75 ||   161
 Invoke: Heroism           |       |     2 ||     2
    Use: Scroll            |       |     6 ||     6
 Armour: Scale mail        |    76 |    10 ||    86
         Chain mail        |       |    44 ||    44
         Storm dragon scal |       |    70 ||    70
  Dodge: Dodged            |    44 |    40 ||    84
  Block: Buckler           |    16 |       ||    16
         Kite shield       |       |    53 ||    53

Table legend: (Time is in decaauts)
 A = Elapsed time spent in this place.
 B = Non-inter-level travel time spent in this place.
 C = Inter-level travel time spent in this place.
 D = Time resting spent in this place.
 E = Time spent auto-exploring this place.
 F = Levels seen in this place.
 G = Mean time per level.
                   A        B        C        D        E       F      G
               +--------+--------+--------+--------+--------+-----+--------+
         Total |   1991 |   1922 |     69 |      0 |   1059 |   4 |  497.8 |
       Dungeon |   1991 |   1922 |     69 |      0 |   1059 |   4 |  497.8 |
               +--------+--------+--------+--------+--------+-----+--------+

Top non-repeatable levels by time:
     D:3: 736 daAuts
     D:2: 678 daAuts
     D:1: 477 daAuts
     D:4: 99 daAuts
